 Dungeon Crawl Stone Soup version 0.31.0-9-g3a7656b989 (webtiles) character file.

Game seed: 860966555940110477

4922 qw the Markself (level 10, 0/58 HPs)
             Began as a Deep Elf Hunter on Feb 2, 2024.
             Was a Believer of Okawaru.
             Succumbed to an orange demon's poison
             ... on level 8 of the Dungeon.
             The game lasted 00:00:36 (6049 turns).

qw the Markself (Deep Elf Hunter)                   Turns: 6049, Time: 00:00:37

Health: 0/58       AC: 12    Str: 12    XL:     10   Next: 27%
Magic:  14/15      EV: 17    Int: 15    God:    Okawaru [**....]
Gold:   419        SH:  0    Dex: 18    Spells: 9/9 levels left

rFire   + . .        p - +0 orcbow (freeze)
rCold   + + .        (shield currently unavailable)
rNeg    . . .        i - +2 ring mail {rC+}
rPois   .            m - +1 helmet
rElec   .            g - scarf {rC+ rF+}
rCorr   .            d - +0 pair of gloves
SInv    .            (no boots)
Will    ++...        (no amulet)
Stlth   +++          e - ring of willpower
HPRegen 0.29/turn    (no ring)
MPRegen 0.14/turn

%: no passive effects
@: lethally poisoned (0 -> -3), heroic
A: no striking features
a: Renounce Religion, Heroism


You were on level 8 of the Dungeon.
You worshipped Okawaru.
Okawaru was pleased with you.
You visited 2 branches of the dungeon, and saw 9 of its levels.

You collected 419 gold pieces.


   Skills:
 + Level 4.7(9.7) Fighting
 - Level 16.1(21.1) Ranged Weapons
 - Level 2.0(7.0) Armour
 - Level 7.1(12.1) Dodging
 - Level 1.2(6.2) Stealth
 - Level 4.4 Invocations


You had 9 spell levels left.
You didn't know any spells.
Your spell library was empty.

Inventory:

Hand Weapons
 p - a +0 orcbow of freezing (weapon)
Armour
 d - a +0 pair of gloves (worn)
 g - a scarf of resistance (worn)
 i - a +2 ring mail of cold resistance (worn)
 m - a +1 helmet (worn)
Jewellery
 e - a ring of willpower (left hand)
 h - an amulet of guardian spirit
Wands
 n - a wand of roots (8)
 r - a wand of charming (4)
Potions
 j - a potion of mutation
 k - 2 potions of might
 l - 3 potions of curing
 o - a potion of resistance

Dungeon Overview and Level Annotations

Branches:
Dungeon (8/15)             Temple (1/1) D:7
   Lair: D:8-11

Altars:
Ashenzari
Cheibriados
Dithmenos
Elyvilon
Fedhas
Gozag
Hepliaklqana
Kikubaaqudgha
Makhleb
Nemelex Xobeh
Okawaru
Ru
Sif Muna
Trog
Vehumet
Xom
Yredelemnul
Zin
The Shining One

Annotations:
D:4 2 transporters
D:8 Amaemon, Jeremiah


Message History

You shoot an arrow. The arrow hits the orange demon!
The arrow freezes the orange demon.
The orange demon is severely wounded.
The orange demon misses you.
You shoot an arrow. The arrow hits the orange demon!
The arrow freezes the orange demon.
The orange demon is almost dead.
Jeremiah hops!
The orange demon stings you from afar!
You are lethally poisoned!
The orange demon poisons you!
You feel very sick.
The orange demon stings you but does no damage.
You feel very sick.
The orange demon stings you but does no damage.
You shoot an arrow.
The arrow barely misses the orange demon.
The arrow barely misses the butterfly.
The arrow completely misses the butterfly.
The arrow hits Jeremiah!
The arrow freezes Jeremiah.
Jeremiah is moderately wounded.
You feel very sick.
The butterfly disappears in a burst of colours!
You shoot an arrow. The arrow hits the orange demon.
The arrow freezes the orange demon.
You kill the orange demon!
Okawaru is honoured by your kill.
You feel sick.
Your Invocations skill increases to level 4!
You shoot an arrow.
The arrow hits Jeremiah but does no damage.
Jeremiah is moderately wounded.
You feel sick.
You feel sick.
You feel sick.
The butterfly disappears in a burst of colours!
Jeremiah hops!
You feel sick.
The butterfly disappears in a burst of colours!
Jeremiah yawns.
You die...

.# #..'..#.#.#.#.#.}.}# .#
#..'.#.}.#.}.#..._.# ##
#..'..#.#.#.#.#.}.}# .###
########.##.}.#.}.#.}.#...#
...###.........##.#.#.#)#.#.#.##
.#.............###...#.}.#.}.##
.............### ######.#.#.##
######....bb##)### #######
####......F..b.)@#
##...###.#bb..####
......##....#.# .#
#...........#o##...#
.................#
.........##..#o###
##.........bF#...
..............b....
#....#..4.....F.b...


You could see Jeremiah.

Vanquished Creatures
  2 two-headed ogres (D:8)
  An orange demon (D:8)
  2 wyverns
  Grum (D:8)
  Eustachio (D:5)
  A water moccasin (D:6)
  3 orc warriors
  3 black bears
  An ogre (D:7)
  3 ice beasts
  A centaur (D:7)
  4 wolves
  2 kobold brigands
  A bullfrog (D:6)
  A gnoll sergeant (D:7)
  2 scorpions
  A vampire bat (D:8)
  A bombardier beetle (D:4)
  A howler monkey (D:6)
  4 crimson imps (D:3)
  An orc priest (D:5)
  3 jellies
  2 gnoll boudas
  3 hounds
  A sleepcap (D:6)
  Ijyb (D:5)
  Terence (D:2)
  6 orc wizards
  Robin (D:2)
  7 gnolls
  12 adders
  2 white imps
  4 ufetubi
  2 dart slugs
  2 ribbon worms
  19 orcs
  4 bats
  A bat skeleton (D:8)
  4 bat zombies (D:8)
  9 endoplasms
  5 giant cockroaches
  16 goblins
  8 hobgoblins
  7 quokkas
  5 ball pythons
  4 frilled lizards
  13 kobolds
  5 rats
184 creatures vanquished.

Notes
Turn   | Place    | Note
-------+----------+-------------------------------------------
     0 | D:1      | qw the Deep Elf Hunter began the quest for the Orb.
     0 | D:1      | Reached XP level 1. HP: 12/12 MP: 3/3
     0 | D:1      | 0 ||| qw: Version: 0.3-a-155-g5e7d8dd
     0 | D:1      | 0 ||| qw: Game counter: 2069
     0 | D:1      | 0 ||| qw: Melee chars always use a shield: true
     0 | D:1      | 0 ||| qw: God list: Okawaru
     0 | D:1      | 0 ||| qw: Allow faded altars: false
     0 | D:1      | 0 ||| qw: Do Orc after clearing Dungeon:15 true
     0 | D:1      | 0 ||| qw: Do second Lair branch before Depths: true
     0 | D:1      | 0 ||| qw: Lair rune preference: random
     0 | D:1      | 0 ||| qw: Goals: Normal
     0 | D:1      | 0 ||| PLANNING D:1-11
   335 | D:1      | Reached XP level 2. HP: 15/16 MP: 4/4
   393 | D:1      | Reached skill level 6 in Ranged Weapons
   944 | D:1      | 944 ||| UPGRADING to scarf of resistance.
   949 | D:1      | 949 ||| UPGRADING to +0 helmet.
   954 | D:1      | 954 ||| UPGRADING to amulet of guardian spirit.
   959 | D:1      | 959 ||| READING scroll labelled SIXIUJ FAMIL.
   959 | D:1      | 959 ||| BRANDING +0 shortbow.
   960 | D:1      | 960 ||| READING scroll labelled HEM PIPECOMMUI.
   960 | D:1      | 960 ||| IDENTIFYING white potion
   961 | D:1      | 961 ||| READING scroll labelled UCKEAXZ IXKE.
   961 | D:1      | 961 ||| ENCHANTING +0 heavy shortbow.
   962 | D:1      | 962 ||| READING scroll labelled BAWNUMATIE.
  1063 | D:1      | 1063 ||| READING scroll labelled WIKUTS XUAGA.
  1066 | D:1      | 1066 ||| DROPPING scroll of butterflies.
  1103 | D:2      | Reached XP level 3. HP: 20/20 MP: 5/5
  1159 | D:2      | Noticed Robin
  1162 | D:2      | Killed Robin
  1163 | D:2      | Reached skill level 7 in Ranged Weapons
  1187 | D:2      | Reached XP level 4. HP: 14/25 MP: 3/6
  1270 | D:2      | Noticed Terence
  1281 | D:2      | Killed Terence
  1388 | D:2      | Reached skill level 8 in Ranged Weapons
  1449 | D:2      | Found a shadowy altar of Dithmenos.
  1476 | D:2      | Identified the +5 dagger of Symmetry {spect, rPois rC+
                  | Will-}
  1641 | D:2      | 1641 ||| UPGRADING to +0 scale mail.
  1651 | D:2      | 1651 ||| DROPPING +0 leather armour.
  1652 | D:2      | 1652 ||| READING scroll labelled FYOMEL UHEXO.
  1653 | D:2      | 1653 ||| READING scroll labelled OTEBLE XOZXAKH.
  1754 | D:2      | 1754 ||| READING scroll labelled SUONAR MOUL.
  1755 | D:2      | 1755 ||| READING scroll labelled VUUGIPTE OCOI.
  1756 | D:2      | 1756 ||| READING scroll labelled SIRUMAROUG.
  1756 | D:2      | 1756 ||| ENCHANTING +0 helmet.
  1757 | D:2      | 1757 ||| DRINKING 2 puce potions.
  1863 | D:3      | Reached XP level 5. HP: 29/29 MP: 7/7
  1902 | D:3      | Found an opulent altar of Gozag.
  1906 | D:3      | Found a glowing silver altar of Zin.
  1990 | D:3      | You fall into a shaft and drop 1 floor!
  2024 | D:4      | Reached skill level 9 in Ranged Weapons
  2034 | D:4      | 2034 ||| UPGRADING to +0 pair of gloves.
  2039 | D:4      | 2039 ||| UPGRADING to +0 ring mail.
  2049 | D:4      | 2049 ||| DROPPING +0 scale mail.
  2050 | D:4      | 2050 ||| UPGRADING to ring of willpower.
  2051 | D:4      | 2051 ||| READING scroll of identify.
  2051 | D:4      | 2051 ||| IDENTIFYING fuming silvery potion
  2052 | D:4      | 2052 ||| DROPPING potion of berserk rage.
  2103 | D:3      | Noticed a black bear
  2109 | D:3      | Killed a black bear
  2110 | D:3      | Reached XP level 6. HP: 35/36 MP: 6/8
  2177 | D:3      | Found a shimmering altar of Xom.
  2191 | D:3      | Reached skill level 1 in Armour
  2500 | D:4      | Found a bloodstained altar of Trog.
  2627 | D:4      | Reached skill level 10 in Ranged Weapons
  2627 | D:4      | Reached XP level 7. HP: 22/40 MP: 5/9
  2702 | D:4      | Found a transporter.
  2719 | D:4      | Found a transporter.
  2938 | D:4      | Found a snail-covered altar of Cheibriados.
  2960 | D:4      | 2960 ||| READING 6 scrolls of identify.
  2960 | D:4      | 2960 ||| IDENTIFYING fizzy grey potion
  2961 | D:4      | 2961 ||| READING 5 scrolls of identify.
  2961 | D:4      | 2961 ||| IDENTIFYING glowing cyan potion
  2962 | D:4      | 2962 ||| READING 4 scrolls of identify.
  2962 | D:4      | 2962 ||| IDENTIFYING bubbling orange potion
  2963 | D:4      | 2963 ||| READING 3 scrolls of identify.
  2963 | D:4      | 2963 ||| IDENTIFYING scroll labelled SEGOFA ZOTUFAKH
  2964 | D:4      | 2964 ||| DROPPING potion of degeneration.
  2965 | D:4      | 2965 ||| DROPPING scroll of revelation.
  2966 | D:4      | 2966 ||| DROPPING potion of brilliance.
  2985 | D:5      | Entered Level 5 of the Dungeon
  2993 | D:5      | Noticed Ijyb
  3002 | D:5      | Reached skill level 3 in Dodging
  3005 | D:5      | Killed Ijyb
  3006 | D:5      | 3006 ||| FLEEEEING.
  3007 | D:5      | 3007 ||| FLEEEEING.
  3090 | D:5      | Reached skill level 11 in Ranged Weapons
  3101 | D:5      | Noticed Eustachio
  3105 | D:5      | Killed Eustachio
  3266 | D:5      | Reached skill level 12 in Ranged Weapons
  3275 | D:5      | Reached skill level 3 in Fighting
  3275 | D:5      | Reached XP level 8. HP: 46/46 MP: 10/10
  3279 | D:5      | Found a hazy altar of Hepliaklqana.
  3474 | D:5      | 3474 ||| UPGRADING to +2 ring mail of cold resistance.
  3484 | D:5      | 3484 ||| DROPPING +0 ring mail.
  3485 | D:5      | 3485 ||| READING 2 scrolls of identify.
  3485 | D:5      | 3485 ||| IDENTIFYING brown potion
  3486 | D:5      | 3486 ||| DROPPING potion of invisibility.
  4008 | D:6      | 4008 ||| RETREEEEATING.
  4009 | D:6      | 4009 ||| RETREEEEATING.
  4010 | D:6      | 4010 ||| RETREEEEATING.
  4014 | D:6      | 4014 ||| RETREEEEATING.
  4015 | D:6      | 4015 ||| RETREEEEATING.
  4016 | D:6      | 4016 ||| RETREEEEATING.
  4024 | D:6      | Reached skill level 13 in Ranged Weapons
  4156 | D:6      | Reached skill level 14 in Ranged Weapons
  4761 | D:6      | 4761 ||| READING scroll of identify.
  4761 | D:6      | 4761 ||| IDENTIFYING emerald potion
  4762 | D:6      | 4762 ||| DRINKING 2 fuming puce potions.
  4784 | D:7      | Reached XP level 9. HP: 42/52 MP: 7/11
  4823 | D:7      | 4823 ||| FLEEEEING.
  5018 | D:7      | Reached skill level 6 in Dodging
  5022 | D:7      | HP: 6/52 [centaur/arrow (10)]
  5023 | D:7      | 5023 ||| READING scroll of teleportation.
  5024 | D:7      | 5024 ||| DRINKING 4 potions of heal wounds.
  5269 | D:7      | Found a shimmering blue altar of Sif Muna.
  5411 | D:7      | 5411 ||| SWAPPING to +0 orcbow.
  5412 | D:7      | 5412 ||| DROPPING +1 heavy shortbow.
  5413 | D:7      | 5413 ||| READING scroll of brand weapon.
  5413 | D:7      | 5413 ||| BRANDING +0 orcbow.
  5497 | D:7      | Found a staircase to the Ecumenical Temple.
  5498 | D:7      | 5498 ||| PLANNING TEMPLE
  5498 | D:7      | 5498 ||| READING scroll of identify.
  5498 | D:7      | 5498 ||| IDENTIFYING sedimented black potion
  5499 | D:7      | 5499 ||| DROPPING wand of flame (15).
  5508 | Temple   | Entered the Ecumenical Temple
  5509 | Temple   | 5509 ||| PLANNING OKAWARU WORSHIP
  5531 | Temple   | Became a worshipper of Warmaster Okawaru
  5532 | Temple   | 5532 ||| PLANNING D:1-11
  5532 | Temple   | 5532 ||| REMOVING amulet of guardian spirit.
  5645 | D:8      | Noticed a two-headed ogre
  5646 | D:8      | 5646 ||| DRINKING potion of haste.
  5658 | D:8      | Killed a two-headed ogre
  5659 | D:8      | Reached skill level 15 in Ranged Weapons
  5667 | D:8      | 5667 ||| FLEEEEING.
  5717 | D:8      | Reached * piety under Okawaru
  5719 | D:8      | Reached skill level 1 in Invocations
  5817 | D:8      | Found an ancient bone altar of Kikubaaqudgha.
  5870 | D:8      | Noticed Amaemon
  5870 | D:8      | Noticed a two-headed ogre
  5871 | D:8      | 5871 ||| RETREEEEATING.
  5872 | D:8      | Noticed Grum
  5872 | D:8      | Noticed an orange demon
  5873 | D:8      | 5873 ||| RETREEEEATING.
  5879 | D:8      | 5879 ||| INVOKING Heroism.
  5885 | D:8      | Killed a two-headed ogre
  5886 | D:8      | Reached skill level 16 in Ranged Weapons
  5886 | D:8      | Reached skill level 3 in Invocations
  5886 | D:8      | Reached XP level 10. HP: 19/57 MP: 10/14
  5887 | D:8      | HP: 14/57 [orange demon[Amaemon] (5)]
  5888 | D:8      | 5888 ||| DRINKING 4 potions of heal wounds.
  5889 | D:8      | 5889 ||| RETREEEEATING.
  5891 | D:8      | 5891 ||| RETREEEEATING.
  5892 | D:8      | 5892 ||| RETREEEEATING.
  5893 | D:8      | 5893 ||| RETREEEEATING.
  5894 | D:8      | 5894 ||| RETREEEEATING.
  5895 | D:8      | 5895 ||| RETREEEEATING.
  5896 | D:8      | 5896 ||| RETREEEEATING.
  5896 | D:8      | HP: 12/57 [wolf[Grum] (5)]
  5897 | D:8      | 5897 ||| DRINKING 3 potions of heal wounds.
  5898 | D:8      | 5898 ||| RETREEEEATING.
  5899 | D:8      | 5899 ||| RETREEEEATING.
  5900 | D:8      | 5900 ||| RETREEEEATING.
  5901 | D:8      | 5901 ||| RETREEEEATING.
  5902 | D:8      | 5902 ||| STAIRDANCE
  5902 | D:8      | HP: 11/57 [wolf[Grum] (9)]
  5904 | D:7      | 5904 ||| DRINKING 2 potions of heal wounds.
  5907 | D:7      | HP: 13/57 [wolf[Grum] (3)]
  5908 | D:7      | 5908 ||| DRINKING potion of heal wounds.
  5966 | D:7      | 5966 ||| READING scroll of identify.
  5966 | D:7      | 5966 ||| IDENTIFYING purple potion
  5967 | D:7      | 5967 ||| DROPPING potion of lignification.
  5969 | D:8      | Noticed Jeremiah
  5970 | D:8      | 5970 ||| STAIRDANCE
  6013 | D:8      | 6013 ||| STAIRDANCE
  6019 | D:8      | 6019 ||| RETREEEEATING.
  6020 | D:8      | 6020 ||| RETREEEEATING.
  6022 | D:8      | 6022 ||| RETREEEEATING.
  6024 | D:8      | 6024 ||| RETREEEEATING.
  6027 | D:8      | 6027 ||| RETREEEEATING.
  6032 | D:8      | 6032 ||| INVOKING Heroism.
  6036 | D:8      | Killed Grum
  6042 | D:8      | HP: 12/58 [poisoned by an orange demon]
  6044 | D:8      | Killed an orange demon
  6044 | D:8      | Reached ** piety under Okawaru
  6045 | D:8      | HP: 5/58 [poisoned by an orange demon]
  6047 | D:8      | HP: 2/58 [poisoned by an orange demon]
  6049 | D:8      | Succumbed to an orange demon's poison

Levels and vault maps discovered:
D:1:      spicycebolla_green_bress_n_ham_2, layout_basic
D:2:      layout_rooms, basic_altar, uniq_terence, uniq_robin
D:3:      layout_basic, led_xom_imps, mainiacjoe_overflow_chevrons,
          mainiacjoe_overflow_six_doors_small, nicolae_twisty_statue_hallways
D:4:      gammafunk_steamed_eel, layout_basic, kennysheep_slug_shrine,
          kennysheep_mini_moat, minmay_crystal_water
D:5:      layout_basic, lemuel_round_altar, uniq_eustachio, uniq_ijyb
D:6:      minmay_thinvault, layout_loops_corners, nicolae_houndstooth_variations
D:7:      layout_basic, marbit_many_paths, minmay_temple_entry_poolview,
          sigmund_army
D:8:      layout_rooms, kennysheep_vampire_church, uniq_amaemon, uniq_grum,
          uniq_jeremiah
Temple:   nicolae_temple_bog_church

Skill      XL: |  1  2  3  4  5  6  7  8  9 10 |
---------------+-------------------------------+-----
Ranged Weapons | 6 7 8 9 10 12 14 16 | 16.1
Fighting       | 2 3 4 |  4.7
Armour         | 1 2 |  2.0
Dodging        | 3 5 7 |  7.1
Invocations    | 3 4 |  4.4
Stealth        | |  1.2

Action                     |  1- 3 |  4- 6 |  7- 9 | 10-12 || total
---------------------------+-------+-------+-------+-------++-------
   Fire: Shortbow          |    85 |   119 |   237 |       ||   441
         Orcbow            |       |       |    89 |    36 ||   125
 Invoke: Heroism           |       |       |     1 |     1 ||     2
    Use: Scroll            |     5 |     6 |     9 |     1 ||    21
         Potion            |       |     1 |     3 |     4 ||     8
 Armour: Leather armour    |    26 |     8 |       |       ||    34
         Scale mail        |       |    13 |       |       ||    13
         Ring mail         |       |    37 |   167 |    44 ||   248
  Dodge: Dodged            |    29 |    36 |   171 |    45 ||   281

Table legend:
 A = Non-vault XP
 B = Vault XP
 C = Vault XP percentage of total XP
 D = Non-vault monster count
 E = Vault monster count
 F = Vault count percentage of total count
                 A         B        C        D         E       F
            +---------+---------+-------+---------+---------+-------
      Total |    4433 |    2599 |  37.0 |     134 |      50 |  27.2
            +---------+---------+-------+---------+---------+-------
        D:1 |      32 |       0 |   0.0 |      20 |       0 |   0.0
        D:2 |      68 |      75 |  52.4 |      18 |      14 |  43.8
        D:3 |     187 |     198 |  51.4 |      18 |       4 |  18.2
        D:4 |     231 |       4 |   1.7 |      12 |       1 |   7.7
        D:5 |     441 |     221 |  33.4 |      14 |       2 |  12.5
        D:6 |     420 |     850 |  66.9 |      14 |      14 |  50.0
        D:7 |     994 |     324 |  24.6 |      23 |       5 |  17.9
        D:8 |    2060 |     927 |  31.0 |      15 |      10 |  40.0
            +---------+---------+-------+---------+---------+-------
